 Dungeon Crawl Stone Soup version 0.17.1-2-g5865329 (webtiles) character file.

52 Caphalor the Poker (level 3, -3/27 HPs)
             Began as a Merfolk Skald on Jan 11, 2016.
             Was an Initiate of Okawaru.
             Slain by a worker ant (4 damage)
             ... on level 2 of the Dungeon.
             The game lasted 00:06:07 (1943 turns).

Caphalor the Poker (Merfolk Skald)                  Turns: 1943, Time: 00:06:08

Health: -3/27      AC:  3    Str: 18    XL:     3   Next: 85%
Magic:  6/6        EV: 11    Int: 11    God:    Okawaru [......]
Gold:   121        SH:  0    Dex: 13    Spells: 1 memorised, 5 levels left

rFire  . . .     SeeInvis .     a - +0 spear
rCold  . . .     Clarity  .     b - +0 leather armour
rNeg   . . .     SustAt   .     (no shield)
rPois  .         Gourm    .     (no helmet)
rElec  .         Spirit   .     (no cloak)
rCorr  .         Warding  .     (no gloves)
rMut   .         Stasis   .     (no boots)
MR     .....                    (no amulet)
Stlth  +.........               (no ring)
                                (no ring)

@: mighty, lethally poisoned (-3 -> -8), not resistant to hostile enchantments,
very unstealthy
A: change form in water, swift swim
a: Renounce Religion


You were on level 2 of the Dungeon.
You worshipped Okawaru.
Okawaru was noncommittal.
You were not hungry.

You visited 1 branch of the dungeon, and saw 2 of its levels.

You collected 121 gold pieces.

Inventory:

Hand Weapons
 a - a +0 spear (weapon)
Armour
 b - a +0 leather armour (worn)
 e - a +0 cloak
Jewellery
 n - an uncursed ring of stealth {unknown}
Scrolls
 g - 5 scrolls of identify {unknown}
 h - 2 scrolls of fear {unknown}
 j - a scroll of teleportation {unknown}
 k - 2 scrolls of fog {unknown}
 o - a scroll of remove curse {unknown}
 p - a scroll of noise {unknown}
Potions
 f - a potion of might
 l - a potion of agility {unknown}
Books
 c - a book of Battle

   Spells                             Type                      Level
   a - Infusion                       Charms                       1
   b - Shroud of Golubria             Charms/Translocation         2
   c - Song of Slaying                Charms                       2
   d - Spectral Weapon                Hexes/Charms                 3
   e - Regeneration                   Charms/Necromancy            3
Comestibles
 d - a bread ration
 i - a meat ration
 m - a chunk of flesh


   Skills:
 - Level 2.1 Fighting
 * Level 4.4 Polearms
 - Level 0.9 Armour
 - Level 1.5 Dodging
 - Level 2.1 Spellcasting
 + Level 4.0 Charms


You had 5 spell levels left.
You knew the following spells:

 Your Spells              Type           Power        Failure   Level  Hunger
a - Infusion              Chrm           ##....       8%          1    ##.....


Dungeon Overview and Level Annotations

Branches:
Dungeon (2/15)

Altars:
Gozag
Okawaru
Qazlal
Xom
The Shining One


Message History

The worker ant is lightly wounded.
The worker ant bites you.
* * * LOW HITPOINT WARNING * * *
The worker ant bites you.
* * * LOW HITPOINT WARNING * * *
You are lethally poisoned!
The worker ant poisons you!
You are too injured to fight recklessly!
Drink which item? (? for menu, Esc to quit)
It was a potion of might.
You feel very mighty all of a sudden.
* * * LOW HITPOINT WARNING * * *
You feel sick. The worker ant bites you.
* * * LOW HITPOINT WARNING * * *
Unknown command.
* * * LOW HITPOINT WARNING * * *
You feel sick. The worker ant misses you.
* * * LOW HITPOINT WARNING * * *
You feel sick. The worker ant bites you.
You die...

#######..# ####.#### .........+
).#..#.... .........#
#.#..#..#####.# .>.......#
#.#..#......#.# .
.........####.#..##...#.#.#......
.(......<'..#.#..##...#.#.#......
.........##.#.#.......#.#.#......
.........##.#.##.###..#.#.#.!....
.........##.#...@a..(...#.#......
.........##......#)..............
######'########...........##.....
#...).......#.#####(.).........
#...>..#....#.#############..".
###......#....#......... #....
.##......#)รท..#......... #....
.##......#....#......... #..<.
.##......#....#.######## #####


You could see a worker ant.

Vanquished Creatures
  An adder (D:2)
  5 bats
  4 hobgoblins
  6 jackals
  4 kobolds
  4 giant geckos
  A giant newt (D:1)
  9 goblins
  3 rats (D:1)
37 creatures vanquished.

Notes
Turn   | Place    | Note
--------------------------------------------------------------
     0 | D:1      | Caphalor the Merfolk Skald began the quest for the Orb.
     0 | D:1      | Reached XP level 1. HP: 16/16 MP: 3/3
   107 | D:1      | Reached XP level 2. HP: 13/22 MP: 3/5
   471 | D:1      | Reached XP level 3. HP: 14/27 MP: 1/6
  1111 | D:2      | Reached skill level 4 in Polearms
  1260 | D:2      | Found an opulent altar of Gozag.
  1267 | D:2      | Found an iron altar of Okawaru.
  1268 | D:2      | Found a shimmering altar of Xom.
  1268 | D:2      | Found a glowing golden altar of the Shining One.
  1352 | D:2      | Found a stormy altar of Qazlal.
  1366 | D:2      | Became a worshipper of Warmaster Okawaru
  1940 | D:2      | HP: 1/27 [poisoned by a worker ant]
  1943 | D:2      | Slain by a worker ant

Action                   || total
-------------------------++-------
Melee: Spear             ||   158
 Cast: Infusion          ||     3
  Use: Potion            ||     1
 Stab: Sleeping          ||     1
  Eat: Chunk             ||     3
